 Dungeon Crawl Stone Soup version 0.29-a0-559-g359e09b9d1 (webtiles) character file.

Game seed: 4414499632342467589

7746 KristoblXynda the Covert (level 11, -15/58 HPs)
             Began as a Spriggan Berserker on June 10, 2022.
             Was an Elder of Trog.
             Killed from afar by Erica (30 damage)
             ... with a bolt of poison
             ... on level 9 of the Dungeon.
             The game lasted 00:14:09 (11948 turns).

KristoblXynda the Covert (Spriggan Berserker)      Turns: 11948, Time: 00:14:12

Health: -15/58     AC:  6    Str: 15    XL:     11   Next: 0%
Magic:  12/12      EV: 22    Int: 12    God:    Trog [****..]
Gold:   564        SH:  5    Dex: 14    Spells: 10/10 levels left

rFire   . . .      SeeInvis +   m - +2 dagger (venom)
rCold   . . .      Faith    .   (no shield)
rNeg    + . .      Spirit   .   i - +0 troll leather armour
rPois   .          Reflect  +   (helmet restricted)
rElec   .          Harm     .   r - +1 cloak
rCorr   .          Rampage  .   (gloves unavailable)
Will    +....                   (boots unavailable)
Stlth   +++++.....              h - amulet of reflection
HPRegen 0.99/turn               c - ring of positive energy
MPRegen 0.13/turn               (no ring)

@: lethally poisoned (-15 -> -23), on berserk cooldown, very quick
A: very small, no large weapons, unfitting armour, see invisible, speed 3
a: Renounce Religion, Berserk, Trog's Hand, Brothers in Arms


You were on level 9 of the Dungeon.
You worshipped Trog.
Trog was greatly pleased with you.
You visited 2 branches of the dungeon, and saw 10 of its levels.
You also visited: Bailey.

You collected 564 gold pieces.

Inventory:

Hand Weapons
 e - a +0 demon whip
 m - a +2 dagger of venom (weapon)
 y - a +5 vorpal rapier
Missiles
 s - a throwing net (quivered)
Armour
 f - the +2 robe of Undesirable Species {rPois Str-5 Dex+5}
   (You found it on level 2 of the Dungeon)

   Str:       It affects your strength (-5).
   Dex:       It affects your dexterity (+5).
   rPois:     It protects you from poison.
 i - a +0 troll leather armour (worn)
 r - a +1 cloak (worn)
Jewellery
 c - a ring of positive energy (left hand)
 h - an amulet of reflection (around neck)
Wands
 j - a wand of acid (6)
 t - a wand of iceblast (9)
 u - a wand of paralysis (9)
Scrolls
 d - 9 scrolls of teleportation
 l - a scroll of immolation
 o - a scroll of blinking
Potions
 a - 4 potions of magic
 b - 3 potions of haste
 g - 2 potions of degeneration {unknown}
 k - 5 potions of heal wounds
 p - 3 potions of lignification {unknown}
 q - a potion of ambrosia
 v - a potion of invisibility {unknown}
 w - 3 potions of mutation {unknown}
 x - 3 potions of resistance {unknown}
 z - a potion of cancellation {unknown}
 A - a potion of experience {unknown}
 B - a potion of might {unknown}


   Skills:
 - Level 7.1 Fighting
 + Level 9.8 Short Blades
 + Level 1.6 Armour
 + Level 11.5 Dodging
 + Level 12.6 Stealth
 + Level 4.4 Evocations


You had 10 spell levels left.
You didn't know any spells.
Your spell library contained the following spells:

 Spells                   Type           Power      Damage    Failure   Level
 Apportation              Tloc           0%         N/A       38%         1
 Freeze                   Ice            0%         1d3       38%         1
 Necrotize                Necr           0%         1d4       38%         1
 Summon Small Mammal      Summ           0%         N/A       38%         1
 Frozen Ramparts          Ice            0%         1d2       77%         3
 Hailstorm                Conj/Ice       0%         3d3       99%         4


Dungeon Overview and Level Annotations

Branches:
Dungeon (9/15)             Temple (1/1) D:5            Lair (0/6) D:9
 Bailey (visited)
    Orc: D:9-12

Altars:
Ashenzari
Cheibriados
Dithmenos
Elyvilon
Fedhas
Gozag
Hepliaklqana
Kikubaaqudgha
Makhleb
Okawaru
Qazlal
Ru
Sif Muna
Trog
Uskayaw
Vehumet
Yredelemnul
Zin
The Shining One

Annotations:
D:9 exclusion: obsidian statue, Erica


Innate Abilities, Weirdness & Mutations

You are very small and have problems with some larger weapons.
You are too small for most types of armour.
You have supernaturally acute eyesight. (SInv)
You cover ground extremely quickly. (Speed+++)


Message History

That's the wrong kind of item! (Use * to select it.) Evoke which item? (* to show all) (? for menu, Esc to quit)
Okay, then.
Okay, then.
Your ogre goes berserk!
Trog will no longer gift you weapons.
You feel sick.
You swap places.
You feel yourself speed up.
You feel sick.
Erica hits your ogre with a +1 scimitar of flaming!
Erica burns your ogre.
You feel sick.
You feel sick.
You feel sick.
Your ogre barely misses Erica.
Aiming: Paralyse
Press: ? - help, Shift-Dir - straight line, f/p - Erica
Aim: Erica, wielding a +1 scimitar of flaming and wearing a +0 robe (ally target, chance to affect: 26%) Erica easily resists.
You feel sick.
Your ogre completely misses Erica.
Erica casts a spell at you. The bolt of poison misses you.
Aiming: Corrosive Bolt
Press: ? - help, Shift-Dir - straight line, f/p - Erica
Aim: Erica, wielding a +1 scimitar of flaming and wearing a +0 robe (ally target, 71% to hit)
The bolt of acid hits Erica!
Erica is moderately wounded.
You feel sick.
You are no longer poisoned.
Your ogre closely misses Erica.
Erica points at you and mumbles some strange words.
The bolt of poison hits you!
You are poisoned.
* * * LOW HITPOINT WARNING * * *
You feel better.
Your ogre hits Erica with a +0 giant club!
Erica points at you and mumbles some strange words.
The bolt of poison hits you!!
You are poisoned.
Ouch! That really hurt!
You die...

#.#...# #.##..#....≈≈..≈≈≈≈≈
#.....######........(..≈....≈≈≈
#...............#'#..........≈≈
#.......#..#....#.#..##.'......
#..##...#.....#.#.+...#.#......
#..##...#.......####..#.#......
#..........#.......####.#......
#................#......#......
#.###..##.....@..#.............
#.###..##..#........#....))....
#...........@O...........).....
###############################


You could see Erica (ally target) and a friendly ogre (summoned, berserk).

Vanquished Creatures
  A two-headed ogre (D:8)
  An orc knight (Bailey)
  2 trolls (D:9)
  Sigmund (D:4)
  2 wyverns
  A vampire (D:9)
  5 yaks (D:9)
  2 water moccasins
  5 ice beasts
  6 orc warriors
  4 black bears
  3 ogres
  2 centaurs
  3 wolves (D:9)
  3 kobold brigands
  3 bullfrogs
  2 necrophages (D:4)
  6 scorpions
  3 wights (D:8)
  5 killer bees (D:9)
  2 howler monkeys (D:7)
  6 jellies
  6 hounds
  9 orc priests
  An iguana (D:5)
  5 orc wizards
  Robin (D:4)
  20 gnolls
  9 adders
  A shadow imp (D:5)
  2 white imps
  2 ufetubi
  3 worms
  2 dart slugs
  83 orcs
  8 ball pythons
  12 endoplasms
  5 giant cockroaches
  17 goblins
  16 hobgoblins
  7 jackals
  22 kobolds
  8 quokkas
  A bat (D:1)
  5 frilled lizards
  5 rats
318 creatures vanquished.

Vanquished Creatures (others)
  11 plants (D:4)
  11 toadstools (D:2)
22 creatures vanquished.

Grand Total: 340 creatures vanquished

Notes
Turn   | Place    | Note
-------+----------+-------------------------------------------
     0 | D:1      | KristoblXynda the Spriggan Berserker began the quest for
                  | the Orb.
     0 | D:1      | Reached XP level 1. HP: 11/11 MP: 2/2
   267 | D:1      | Found a faded altar of an unknown god.
   313 | D:1      | Reached skill level 1 in Stealth
   319 | D:1      | Reached XP level 2. HP: 16/16 MP: 3/3
   917 | D:1      | Reached skill level 2 in Stealth
  1316 | D:1      | Reached XP level 3. HP: 15/19 MP: 4/4
  1490 | D:2      | Identified the +2 robe of Undesirable Species {rPois Str-5
                  | Dex+5}
  2232 | D:2      | Reached XP level 4. HP: 23/23 MP: 5/5
  2438 | D:2      | Reached skill level 3 in Stealth
  2584 | D:2      | Reached ** piety under Trog
  2588 | D:2      | Reached skill level 5 in Dodging
  2593 | D:2      | Reached XP level 5. HP: 28/28 MP: 6/6
  2731 | D:2      | Reached skill level 4 in Stealth
  3907 | D:4      | Noticed Robin
  3935 | D:4      | Killed Robin
  3939 | D:4      | Reached XP level 6. HP: 32/32 MP: 7/7
  3945 | D:4      | Reached *** piety under Trog
  4053 | D:4      | Noticed Sigmund
  4063 | D:4      | Killed Sigmund
  4064 | D:4      | Reached skill level 5 in Short Blades
  4064 | D:4      | Reached skill level 5 in Stealth
  4216 | D:4      | Reached XP level 7. HP: 21/37 MP: 8/8
  4787 | D:4      | Reached skill level 6 in Stealth
  4824 | D:4      | Found a shadowy altar of Dithmenos.
  5293 | D:4      | Found a glowing silver altar of Zin.
  5313 | D:4      | Reached skill level 7 in Stealth
  5313 | D:4      | Reached XP level 8. HP: 41/42 MP: 9/9
  5715 | D:4      | Found a snail-covered altar of Cheibriados.
  5804 | D:5      | Entered Level 5 of the Dungeon
  5974 | D:5      | Reached skill level 5 in Fighting
  5997 | D:5      | Reached skill level 8 in Stealth
  6355 | D:5      | Found an iron altar of Okawaru.
  6356 | D:5      | Found a bloodstained altar of Trog.
  6441 | D:5      | Found a staircase to the Ecumenical Temple.
  6458 | Temple   | Entered the Ecumenical Temple
  7114 | D:6      | Reached skill level 9 in Stealth
  7114 | D:6      | Reached XP level 9. HP: 47/47 MP: 10/10
  7387 | D:6      | Reached **** piety under Trog
  7759 | D:6      | Found a stormy altar of Qazlal.
  7807 | D:6      | Found an ancient bone altar of Kikubaaqudgha.
  7884 | D:7      | Reached skill level 10 in Stealth
  8895 | D:8      | Reached skill level 10 in Dodging
  9161 | D:8      | Reached ***** piety under Trog
  9162 | D:8      | Reached skill level 11 in Stealth
  9361 | D:8      | Reached XP level 10. HP: 53/53 MP: 11/11
  9362 | D:8      | Noticed a two-headed ogre
  9369 | D:8      | Killed a two-headed ogre
  9391 | D:8      | Found a flagged portal.
  9409 | Bailey   | Entered a bailey
  9610 | Bailey   | Received a gift from Trog
  9634 | Bailey   | Noticed an orc knight
  9676 | Bailey   | Killed an orc knight
  9677 | Bailey   | Reached skill level 1 in Evocations
 10736 | D:9      | Reached skill level 12 in Stealth
 10899 | D:9      | Reached skill level 1 in Armour
 11674 | D:9      | Found the +4 robe of Folly {Brilliance Will-∞ Int+8}
 11677 | D:9      | Noticed an obsidian statue
 11848 | D:9      | Found a staircase to the Lair.
 11905 | D:9      | Noticed Erica
 11910 | D:9      | Reached XP level 11. HP: 58/58 MP: 12/12
 11948 | D:9      | Killed from afar by Erica

Illustrated notes

Levels and vault maps discovered:
D:1:      dpeg_arrival_tiny_a, layout_basic, basic_ecumenical_altar
D:2:      cheibrodos_fertilizer, layout_rooms, serial_corexii_hall,
          chequers_hall_statues_corner_a, corexii_hall_statues_s, st_stairs_14,
          guppyfry_early_orc_mine
D:3:      layout_basic, minmay_liquid_box, corexii_leaking_fountain
D:4:      layout_basic, nicolae_dithmenos_through_a_glass_darkly,
          nicolae_overflow_hidden_temple, serial_bayou, serial_bayou_pond_e,
          serial_bayou_lagoon_a, serial_bayou_ford_a, serial_bayou_pond_d,
          minmay_crystal_water, minmay_manual_mandibuliform, uniq_robin,
          uniq_sigmund
D:5:      layout_loops_corners, grunt_temple_overflow_bloody_war,
          minmay_temple_entry_large_hall, hangedman_decor_lopped
D:6:      layout_loops_ring, mainiacjoe_overflow_alcove_1,
          nicolae_qazlal_eye_of_the_storm
D:7:      layout_rooms
D:8:      layout_rooms, enter_bailey_4, special_room [special_room_orc],
          grunt_ministairs_8
D:9:      layout_stronghold, erik_lair_island, minmay_protected_statue,
          uniq_erica
Temple:   minmay_temple_bridge_abc

Skill      XL: |  1  2  3  4  5  6  7  8  9 10 |
---------------+-------------------------------+-----
Stealth        | 1 2 3 4 5 7 9 11 12 | 12.6
Short Blades   | 4 5 6 7 8 9 |  9.8
Fighting       | 3 4 5 6 7 |  7.1
Dodging        | 5 6 7 8 10 11 | 11.5
Evocations     | 4 |  4.4
Armour         | 1 |  1.6

Action                   |  1- 3 |  4- 6 |  7- 9 | 10-12 || total
-------------------------+-------+-------+-------+-------++-------
Melee: Short sword       |   132 |   157 |   380 |       ||   669
       Punch             |     1 |     4 |     6 |     3 ||    14
       Dagger            |       |       |    46 |   216 ||   262
       Rapier            |       |       |       |    88 ||    88
Invok: Berserk           |     3 |     7 |     4 |     6 ||    20
       Trog's Hand       |       |       |       |     2 ||     2
       Brothers in Arms  |       |       |       |     1 ||     1
Evoke: Wand              |       |       |     1 |     8 ||     9
  Use: Scroll            |       |     1 |    12 |     2 ||    15
       Potion            |       |       |       |     1 ||     1
 Stab: Sleeping          |     2 |     6 |    18 |    23 ||    49
       Distracted        |       |       |     1 |     2 ||     3
Armor: Animal skin       |     9 |       |       |       ||     9
       Robe              |     4 |    14 |    25 |    14 ||    57
       Troll leather arm |       |       |       |     9 ||     9
Dodge: Dodged            |   124 |    95 |   291 |   226 ||   736
Block: Other             |       |       |    73 |    59 ||   132
       Reflection        |       |       |     1 |     1 ||     2

Table legend: (Time is in decaauts)
 A = Elapsed time spent in this place.
 B = Non-inter-level travel time spent in this place.
 C = Inter-level travel time spent in this place.
 D = Time resting spent in this place.
 E = Time spent auto-exploring this place.
 F = Levels seen in this place.
 G = Mean time per level.
                   A        B        C        D        E       F      G
               +--------+--------+--------+--------+--------+-----+--------+
         Total |   9619 |   9475 |    144 |   3529 |   4254 |  11 |  874.5 |
       Dungeon |   9091 |   8961 |    130 |   3331 |   4153 |   9 | 1010.1 |
        Temple |    120 |    107 |     13 |      0 |    100 |   1 |  120.0 |
        Bailey |    406 |    406 |      0 |    198 |      0 |   1 |  406.0 |
               +--------+--------+--------+--------+--------+-----+--------+

Top non-repeatable levels by time:
     D:4: 1598 daAuts
     D:1: 1312 daAuts
     D:2: 1270 daAuts
     D:9: 1215 daAuts
     D:8: 990 daAuts
     D:7: 802 daAuts
     D:5: 767 daAuts
     D:3: 643 daAuts
     D:6: 491 daAuts
  Bailey: 406 daAuts
  Temple: 120 daAuts
